 Dungeon Crawl Stone Soup version 0.31-a0-986-g5e6e4ef867 (webtiles) character file.

Game seed: 468245270404350784

776 timneilson the Ruffian (level 7, -1/46 HPs)
             Began as an Octopode Shapeshifter on Nov 12, 2023.
             Slain by an ice beast (12 damage)
             ... on level 5 of the Dungeon.
             The game lasted 00:06:28 (3398 turns).

timneilson the Ruffian (Octopode Shapeshifter)      Turns: 3398, Time: 00:06:28

Health: -1/46      AC:  1    Str: 15    XL:     7   Next: 84%
Magic:  9/9        EV: 14    Int: 13    God:
Gold:   207        SH:  0    Dex: 11    Spells: 5/9 levels left

rFire   . .          .
                       - Unarmed
rCold   . . .        (no shield)
rNeg    . . .        (helmet currently unavailable)
rPois   .            (no amulet)
rElec   .            (no ring)
rCorr   .            (no ring)
SInv    .            (no ring)
Will    .....        (no ring)
Stlth   +++          (no ring)
HPRegen 0.27/turn    (no ring)
MPRegen 0.11/turn    (no ring)
                     (no ring)

%: no passive effects
@: beast-form
A: beast (slay +2), almost no armour, amphibious, 8 rings, camouflage 1,
gelatinous body 1, (nimble swimmer 1), tentacles
a: Begin Untransformation


You were on level 5 of the Dungeon.
You were a hulking beast.
You visited 1 branch of the dungeon, and saw 5 of its levels.

You collected 207 gold pieces.

Inventory:

Talismans
 b - a beast talisman
 c - a flux talisman
Wands
 g - a wand of quicksilver (15)
Scrolls
 i - a scroll of teleportation
 j - a scroll of fear {unknown}
 k - a scroll of butterflies {unknown}
Potions
 a - a potion of lignification
 d - a potion of attraction {unknown}
 e - a potion of curing
 f - a potion of heal wounds
 h - 2 potions of berserk rage


   Skills:
 * Level 3.4 Fighting
 * Level 4.1 Dodging
 + Level 3.6 Stealth
 * Level 4.5 Unarmed Combat
 + Level 1.8 Spellcasting
 + Level 0.6 Translocations
 + Level 1.9 Air Magic
 + Level 0.9 Evocations
 * Level 4.3 Shapeshifting


You had 5 spell levels left.
You knew the following spells:

 Your Spells              Type           Power      Damage    Failure   Level
a - Swiftness             Air            6%         N/A       34%         3
b - Apportation           Tloc           4%         N/A       21%         1

Your spell library contained the following spells:

 Spells                   Type           Power      Damage    Failure   Level
 Necrotise                Necr           4%         1d4       26%         1
 Summon Small Mammal      Summ           4%         N/A       26%         1
 Ensorcelled Hibernation  Hex/Ice        2%         N/A       36%         2
 Passwall                 Tmut/Erth      0%         N/A       36%         2


Dungeon Overview and Level Annotations

Branches:
Dungeon (5/15)
 Temple: D:4-7

Altars:
Cheibriados
Elyvilon
Kikubaaqudgha
Okawaru
Ru
Vehumet
Wu Jian
Yredelemnul


Innate Abilities, Weirdness & Mutations

You are a hulking beast.
Your limbs bulge with bestial killing power. (Slay +2)
You cannot wear most types of armour.
You are amphibious.
You can wear up to eight rings at the same time.
Your skin changes colour to match your surroundings (Stealth+).
Your rubbery body absorbs attacks. (AC +1, EV +1)
((You are camouflaged when in or above water. (Stealth+)))
You have tentacles for arms and can constrict up to eight enemies at once.


Message History

You see here a hound corpse.
HP restored.
Found 4 stones.
k - a scroll labelled YMOOG ITISEPS A hound comes into view.
The hound barks!
The hound misses you.
You miss the hound. Your grab misses the hound. The hound misses you.
The hound bites you.
You barely miss the hound. Your grab misses the hound.
Your squeeze misses the hound. The hound misses you.
You closely miss the hound. You grab the hound. You squeeze the hound.
The hound is lightly wounded.
You constrict the hound. The hound closely misses you.
You barely miss the hound. Your squeeze misses the hound.
The hound is moderately wounded.
You constrict the hound. The hound barely misses you.
An ice beast comes into view.
The hound misses you.
You bludgeon the hound!
You squeeze the hound, but do no damage.
The hound is severely wounded.
You constrict the hound. The hound barely misses you.
You tentacle-slap the hound.
You kill the hound!
You tentacle-slap the ice beast.
The ice beast is moderately wounded.
The ice beast hits you. The ice beast freezes you!
You tentacle-slap the ice beast. You squeeze the ice beast.
The ice beast is heavily wounded.
The ice beast hits you. The ice beast freezes you.
You tentacle-slap the ice beast but do no damage.
The ice beast is heavily wounded.
The ice beast hits you. The ice beast freezes you.
You barely miss the ice beast. You tentacle-slap the ice beast.
The ice beast is severely wounded.
The ice beast hits you.
* * * LOW HITPOINT WARNING * * *
The ice beast freezes you!
You die...

####.....##
#.....#
#.#.#.######.#
#.#.#........#
#.#.##########
#.#
#.#########
#.#..........
#....hY..###
###.####.#
.... .. ###.#
. #.# #.. #.


You could see an ice beast.

Vanquished Creatures
  Eustachio (D:4)
  An ogre (D:4)
  Blork the orc (D:5)
  3 hounds
  A sleepcap (D:4)
  2 iguanas (D:4)
  Natasha (thrice) (D:3)
  An orc wizard (D:4)
  7 adders
  8 gnolls (D:4)
  A worm (D:4)
  A dart slug (D:3)
  7 orcs
  6 endoplasms
  4 giant cockroaches
  3 goblins
  9 hobgoblins
  9 jackals
  7 kobolds
  A quokka (D:4)
  7 ball pythons
  4 bats
  4 frilled lizards
  2 rats
93 creatures vanquished.

Notes
Turn   | Place    | Note
-------+----------+-------------------------------------------
     0 | D:1      | timneilson the Octopode Shapeshifter began the quest for
                  | the Orb.
     0 | D:1      | Reached XP level 1. HP: 13/13 MP: 1/1
    86 | D:1      | Reached XP level 2. HP: 17/18 MP: 2/2
   415 | D:1      | Reached skill level 1 in Stealth
   420 | D:1      | Reached XP level 3. HP: 18/23 MP: 3/3
   917 | D:2      | Learned a level 3 spell: Swiftness
  1018 | D:2      | Reached XP level 4. HP: 29/29 MP: 5/5
  1310 | D:3      | Reached skill level 1 in Spellcasting
  1384 | D:3      | Found a white marble altar of Elyvilon.
  1527 | D:3      | Noticed Natasha
  1536 | D:3      | Killed Natasha
  1623 | D:3      | Reached XP level 5. HP: 30/34 MP: 6/6
  1654 | D:3      | Noticed Natasha
  1660 | D:3      | Killed Natasha
  1773 | D:3      | Noticed Natasha
  1783 | D:3      | Killed Natasha
  2120 | D:4      | Reached skill level 1 in Air Magic
  2205 | D:4      | Reached XP level 6. HP: 33/41 MP: 7/7
  2244 | D:4      | Noticed Eustachio
  2255 | D:4      | Killed Eustachio
  2351 | D:4      | Reached XP level 7. HP: 14/45 MP: 9/9
  2531 | D:4      | Learned a level 1 spell: Apportation
  3013 | D:4      | Found a radiant altar of Vehumet.
  3013 | D:4      | Found a basalt altar of Yredelemnul.
  3118 | D:4      | Found an ornate altar of the Wu Jian Council.
  3118 | D:4      | Found a snail-covered altar of Cheibriados.
  3120 | D:4      | Found an iron altar of Okawaru.
  3120 | D:4      | Found an ancient bone altar of Kikubaaqudgha.
  3254 | D:5      | Entered Level 5 of the Dungeon
  3254 | D:5      | Noticed Blork the orc
  3254 | D:5      | Found a sacrificial altar of Ru.
  3261 | D:5      | Killed Blork the orc
  3398 | D:5      | Slain by an ice beast

Illustrated notes

Levels and vault maps discovered:
D:1:      giann_bridges, layout_basic, serial_forest,
          infiniplex_forest_lined_corner, infiniplex_forest_clump_curved,
          infiniplex_forest_lined_2, infiniplex_forest_lined_2,
          serial_bayou_pond_c
D:2:      layout_rooms
D:3:      layout_basic, nicolae_elyvilon_temple_path, serial_bayou_lake_a,
          uniq_natasha
D:4:      layout_rooms, grunt_temple_overflow_open, uniq_eustachio
D:5:      layout_loops_ring, lemuel_crystal_altar, uniq_blork_the_orc

Skill      XL: |  1  2  3  4  5  6  7 |
---------------+----------------------+-----
Stealth        | 1 2 3 |  3.6
Spellcasting   | 1 |  1.8
Fighting       | 2 3 |  3.4
Dodging        | 3 4 |  4.1
Air Magic      | 1 |  1.9
Unarmed Combat | 4 |  4.5
Shapeshifting  | 4 |  4.3
Translocations | |  0.6
Evocations     | |  0.9

Action                     |  1- 3 |  4- 6 |  7- 9 || total
---------------------------+-------+-------+-------++-------
  Melee: Unarmed           |    61 |   103 |    63 ||   227
         Tentacles         |    12 |    26 |    17 ||    55
         Constrict         |    13 |    26 |    15 ||    54
         Punch             |     1 |     7 |     2 ||    10
    Use: Scroll            |     1 |     5 |     1 ||     7
         Potion            |       |     1 |       ||     1
   Stab: Sleeping          |    12 |     6 |     2 ||    20
 Armour: Skin              |    14 |    47 |    36 ||    97
  Dodge: Dodged            |    33 |    44 |    54 ||   131

Table legend: (Time is in decaauts)
 A = Elapsed time spent in this place.
 B = Non-inter-level travel time spent in this place.
 C = Inter-level travel time spent in this place.
 D = Time resting spent in this place.
 E = Time spent auto-exploring this place.
 F = Levels seen in this place.
 G = Mean time per level.
                   A        B        C        D        E       F      G
               +--------+--------+--------+--------+--------+-----+--------+
         Total |   3391 |   3235 |    156 |    198 |   2310 |   5 |  678.2 |
       Dungeon |   3391 |   3235 |    156 |    198 |   2310 |   5 |  678.2 |
               +--------+--------+--------+--------+--------+-----+--------+

Top non-repeatable levels by time:
     D:4: 1061 daAuts
     D:3: 898 daAuts
     D:1: 822 daAuts
     D:2: 466 daAuts
     D:5: 142 daAuts
